 Dungeon Crawl Stone Soup version 0.20.0-6-gd3061e9 (webtiles) character file.

1902 MDvedh the Cleaver (level 9, -4/50 HPs)
             Began as a Tengu Fighter on May 28, 2017.
             Was an Initiate of Kikubaaqudgha.
             Slain by a steam dragon (6 damage)
             ... on level 7 of the Dungeon.
             The game lasted 00:08:25 (6206 turns).

MDvedh the Cleaver (Tengu Fighter)                  Turns: 6206, Time: 00:08:25

Health: -4/50      AC: 12    Str: 19    XL:     9   Next: 15%
Magic:  10/10      EV:  7    Int: 10    God:    Kikubaaqudgha [......]
Gold:   311        SH: 11    Dex: 15    Spells: 8/8 levels left

rFire    . . .     SeeInvis .   a - +1 war axe
rCold    + . .     Gourm    .   c - +0 shield
rNeg     . . .     Faith    .   m - +1 plate armour
rPois    .         Spirit   .   (helmet restricted)
rElec    .         Reflect  +   (no cloak)
rCorr    .         Harm     .   (no gloves)
MR       .....                  (boots unavailable)
Stlth    ..........             g - +2 amulet of reflection
Regen    0.2/turn               q - +2 ring of evasion
MPRegen  0.2/turn               (no ring)

@: no status effects
A: antennae 1, beak, talons 3, repulsion field 1, clever 1, cold resistance 1,
able to fly 1
a: Fly, Renounce Religion


You were on level 7 of the Dungeon.
You worshipped Kikubaaqudgha.
Kikubaaqudgha was noncommittal.
You were not hungry.

You visited 1 branch of the dungeon, and saw 7 of its levels.

You collected 311 gold pieces.

Inventory:

Hand Weapons
 a - a +1 war axe (weapon)
Armour
 c - a +0 shield (worn)
 m - a +1 plate armour (worn)
Jewellery
 g - a +2 amulet of reflection (around neck)
 q - a +2 ring of evasion (left hand)
Wands
 u - a wand of disintegration (9/24)
Scrolls
 h - 3 scrolls of remove curse
 o - 5 scrolls of identify
 p - a scroll of amnesia
 s - a scroll of teleportation
Potions
 b - a potion of mutation
 d - a potion of might
 e - 2 potions of haste
 i - 4 potions of lignification {unknown}
 j - a potion of degeneration {unknown}
 l - 6 potions of curing
 r - 2 potions of flight {unknown}
Books
 k - a book of Air

   Spells                             Type                      Level
   a - Shock                          Conjuration/Air              1
   b - Swiftness                      Charms/Air                   2
   c - Static Discharge               Conjuration/Air              3
   d - Airstrike                      Air                          4
   e - Lightning Bolt                 Conjuration/Air              5
Comestibles
 n - 4 fruits
 t - a meat ration


   Skills:
 - Level 3.0 Fighting
 + Level 12.5 Axes
 - Level 3.2 Armour
 - Level 3.0 Shields


You had 8 spell levels left.
You didn't know any spells.

Dungeon Overview and Level Annotations

Branches:
Dungeon (7/15)             Temple (0/1) D:6

Altars:
Dithmenos
Kikubaaqudgha
Vehumet
Zin

Annotations:
D:6 exclusion: statue


Innate Abilities, Weirdness & Mutations

You have a beak for a mouth.
You have claws for feet.
You can fly.
You have a pair of small antennae on your head.
You are surrounded by a mild repulsion field. (EV +2)
Your mind is acute. (Int +2)
Your flesh is cold resistant. (rC+)


Message History

The steam dragon bites you but does no damage.
The steam dragon claws you but does no damage.
Unknown command.
You slash the steam dragon!
The steam dragon is moderately wounded.
The steam dragon bites you but does no damage.
The steam dragon claws you but does no damage.
Unknown command.
You closely miss the steam dragon. Your kick misses the steam dragon.
The steam dragon is moderately wounded.
You block the steam dragon's attack.
The steam dragon claws you but does no damage.
A steam dragon comes into view.
The steam dragon breathes steam at you. The ball of steam hits you!
* * * LOW HITPOINT WARNING * * *
Unknown command.
The steam dragon bites you.
You die...
Kikubaaqudgha rasps: "You have failed me!
Welcome... death!"

#### D≈§####
..≈≈≈## #§..≈≈#
#§.⌠.≈# #
#§§§..# .. #§D.#
... ##
##@###.... ...
#........#
...#####...#..##
.........### .#
#..#.#.#.#..#
#......(....#
#..#.#.#.#..# .#
#..........## :#
#..#.#.#.#.#


You could see a steam dragon.

Vanquished Creatures
  A hippogriff (D:4)
  An orc warrior (D:6)
  An ogre (D:5)
  3 centaurs
  A gnoll sergeant (D:6)
  2 bullfrogs (D:6)
  2 howler monkeys
  2 crimson imps
  3 hounds
  A jelly (D:7)
  2 orc priests
  An iguana (D:4)
  9 orc wizards
  6 worker ants
  A hound skeleton (D:4)
  12 gnolls
  8 adders
  5 oozes
  2 adder skeletons
  A worm (D:2)
  2 dart slugs
  3 leopard geckos
  19 orcs
  9 bats
  A bat zombie (D:5)
  4 giant cockroaches
  6 goblins
  11 hobgoblins
  13 jackals
  8 kobolds
  4 quokkas
  A ball python (D:1)
  5 frilled lizards
  3 quokka skeletons
  8 rats
  2 rat zombies (D:5)
163 creatures vanquished.

Notes
Turn   | Place    | Note
-------+----------+-------------------------------------------
     0 | D:1      | MDvedh the Tengu Fighter began the quest for the Orb.
     0 | D:1      | Reached XP level 1. HP: 14/14 MP: 2/2
   139 | D:1      | Reached skill level 3 in Axes
   139 | D:1      | Reached XP level 2. HP: 19/19 MP: 3/3
   601 | D:1      | Reached XP level 3. HP: 20/23 MP: 4/4
   761 | D:2      | Reached skill level 4 in Axes
  1065 | D:2      | Reached XP level 4. HP: 26/28 MP: 5/5
  1391 | D:3      | Reached skill level 5 in Axes
  1398 | D:3      | Gained mutation: You can fly. [Tengu growth]
  1398 | D:3      | Reached XP level 5. HP: 20/32 MP: 6/6
  1590 | D:3      | Reached skill level 6 in Axes
  1907 | D:3      | Reached XP level 6. HP: 33/37 MP: 7/7
  2035 | D:3      | Reached skill level 7 in Axes
  2169 | D:3      | Found a shadowy altar of Dithmenos.
  2403 | D:4      | Reached skill level 8 in Axes
  2403 | D:4      | Reached XP level 7. HP: 9/41 MP: 8/8
  2994 | D:4      | Noticed a hippogriff
  3008 | D:4      | Killed a hippogriff
  3008 | D:4      | Reached skill level 9 in Axes
  3230 | D:5      | Entered Level 5 of the Dungeon
  3353 | D:5      | Reached XP level 8. HP: 40/46 MP: 9/9
  3543 | D:5      | Found a glowing drain.
  3696 | D:5      | Reached skill level 10 in Axes
  4289 | D:5      | Found a glowing silver altar of Zin.
  4298 | D:5      | Gained mutation: You have a pair of small antennae on your head. [potion of mutation]
  4298 | D:5      | Gained mutation: Your mind is acute. (Int +2) [potion of mutation]
  4298 | D:5      | Gained mutation: You are surrounded by a mild repulsion field. (EV +2) [potion of mutation]
  4298 | D:5      | Gained mutation: Your flesh is cold resistant. (rC+) [potion of mutation]
  4442 | D:5      | Found an ancient bone altar of Kikubaaqudgha.
  4451 | D:5      | Became a worshipper of Kikubaaqudgha
  4608 | D:6      | Reached skill level 11 in Axes
  4613 | D:6      | Found a radiant altar of Vehumet.
  5244 | D:6      | Reached skill level 12 in Axes
  5247 | D:6      | Reached XP level 9. HP: 17/50 MP: 10/10
  5577 | D:6      | Found a staircase to the Ecumenical Temple.
  6205 | D:7      | HP: 1/50 [something/ball of steam (24)]
  6206 | D:7      | Slain by a steam dragon

Skill      XL: |  1  2  3  4  5  6  7  8 |
---------------+-------------------------+-----
Axes           | 3 4 5 6 8 9 12 | 12.5
Fighting       | |  3.0
Armour         | |  3.2
Shields        | |  3.0

Action                   |  1- 3 |  4- 6 |  7- 9 || total
-------------------------+-------+-------+-------++-------
Melee: War axe           |    96 |   164 |   237 ||   497
       Kick              |    16 |    41 |    62 ||   119
       Peck              |     8 |    34 |    42 ||    84
  Use: Scroll            |       |       |    11 ||    11
       Potion            |       |       |     2 ||     2
  Eat: Chunk             |       |     5 |     7 ||    12
       Bread ration      |       |       |     2 ||     2
Armor: Scale mail        |    30 |       |       ||    30
       Plate armour      |    48 |   129 |   129 ||   306
Dodge: Dodged            |    24 |    20 |    31 ||    75
Block: Shield            |    67 |   114 |   140 ||   321
       Reflection        |     2 |     3 |     3 ||     8
